 Dungeon Crawl Stone Soup version 0.27-a0-1071-ga85bd9520d (webtiles) character file.

Game seed: 16425270197856169019

31 sanka the Skirmisher (level 3, -1/31 HPs)
             Began as a Djinni Wanderer on Apr 24, 2021.
             Slain by a sky beast (3 damage)
             ... on level 2 of the Dungeon.
             The game lasted 00:01:23 (1020 turns).

sanka the Skirmisher (Djinni Wanderer)              Turns: 1020, Time: 00:01:23

Health: -1/31      AC:  3    Str: 14    XL:     3   Next: 22%
Gold:   38         EV: 12    Int: 11    God:
                   SH:  0    Dex: 12

rFire    + + .     SeeInvis .   a - +2 quarterstaff
rCold    x . .     Faith    .   (shield currently unavailable)
rNeg     . . .     Spirit   .   d - +0 robe
rPois    ∞         Reflect  .   (no helmet)
rElec    .         Harm     .   k - +0 cloak
rCorr    .         Rampage  .   (no gloves)
Will     .....                  (boots unavailable)
Stlth    ++........             (no amulet)
HPRegen  0.10/turn              (no ring)
MPRegen  0.00/turn              (no ring)

@: flying, studying Crossbows
A: fire resistance 2, cold vulnerability 1, float, innate caster, hp casting,
extra vitality 1
a: no special abilities


You were on level 2 of the Dungeon.
You visited 1 branch of the dungeon, and saw 2 of its levels.

You collected 38 gold pieces.


Innate Abilities, Weirdness & Mutations

You are immune to poison.
Your flesh is very heat resistant. (rF++)
You are vulnerable to cold. (rC-)
You float through the air rather than walking.
You learn spells naturally, not from books.
Your magical power is your life essence.
You have superior vitality. (+4 HP)


   Skills:
 + Level 4.2 Fighting
 - Level 1.7 Staves
 - Level 2.1 Dodging
 - Level 1.5 Stealth
 - Level 1.0 Evocations


You had one spell level left.
You knew the following spells:

 Your Spells              Type           Power      Damage    Failure   Level
z - Summon Small Mammal   Summ           0%         N/A       34%         1
Your spell library was empty.

Inventory:

Hand Weapons
 a - a +2 quarterstaff (weapon)
 b - a +0 short sword
 e - a +0 dagger
Armour
 d - a +0 robe (worn)
 k - a +0 cloak (worn)
Magical Staves
 j - a staff of death
Scrolls
 c - a scroll of teleportation {@r4}
 f - a scroll of identify {unknown}
 g - a scroll of enchant armour {unknown}
 i - a scroll of noise {unknown}
 l - a scroll of magic mapping {unknown}
Potions
 h - a potion of haste {unknown}
 m - a potion of curing {unknown}
 n - a potion of might {unknown}

Dungeon Overview and Level Annotations

Branches:
Dungeon (2/15)

Altars:

Shops:
D:2

[ ▒.▒ ..▒ ▒
..▒▒ ▒.
▒▒...
..▒▒▒...
...r.▒
▒.Y.▒ ▒rR.▒
▒.▒▒▒...▒
▒....b..▒
▒▒▒▒▒▒▒..▒▒
.........▒
.[.......▒
.........▒
▒▒▒▒▒▒▒▒.▒
▒▒▒ ▒.▒ ...


You could see a sky beast (ally target), a friendly bat (summoned) and 2
friendly rats.


Message History

The sky beast shocks you.
Your rat bites the sky beast.
Unknown command.
You miss the sky beast.
The sky beast is lightly wounded.
Your bat barely misses the sky beast.
The sky beast hits you but does no damage.
Your rat completely misses the sky beast.
You sock the sky beast!
The sky beast is moderately wounded.
Your bat hits the sky beast but does no damage.
Your bat barely misses the sky beast.
Your bat misses the sky beast. The sky beast hits you.
* * * LOW HITPOINT WARNING * * *
The sky beast shocks you.
* * * LOW HITPOINT WARNING * * *
Your rat bites the sky beast but does no damage.
Your rat barely misses the sky beast.
The sky beast hits you.
* * * LOW HITPOINT WARNING * * *
The sky beast shocks you.
* * * LOW HITPOINT WARNING * * *
You completely miss the sky beast.
The sky beast is moderately wounded.
Your bat hits the sky beast but does no damage.
Your rat misses the sky beast.
Your rat bites the sky beast.
The sky beast hits you.
You die...

Action                   || total
-------------------------++-------
Melee: Quarterstaff      ||    45
 Cast: Summon Small Mamm ||     3
 Stab: Sleeping          ||     4
Armor: Robe              ||    10
Dodge: Dodged            ||    23

Levels and vault maps discovered:
D:1:      sevenhm_arrival_forest_fort_small_2, layout_rooms
D:2:      layout_loops_ring, shapermc_ecumenical_altar_starsandcircs,
          serial_shops, shop, kennysheep_generic_room_13

Notes
Turn   | Place    | Note
-------+----------+-------------------------------------------
     0 | D:1      | sanka the Djinni Wanderer began the quest for the Orb.
     0 | D:1      | Reached XP level 1. HP: 20/20 MP: 0/0
     5 | D:1      | Noticed an elephant
    47 | D:1      | Noticed a black mamba
    77 | D:1      | Reached XP level 2. HP: 17/26 MP: 0/0
   440 | D:1      | Reached skill level 4 in Fighting
   546 | D:1      | Reached XP level 3. HP: 30/31 MP: 0/0
   546 | D:1      | Learned a level 1 spell: Summon Small Mammal
   967 | D:2      | Found Fesoelle's Antique Armour Emporium.
  1010 | D:2      | Noticed a sky beast
  1019 | D:2      | HP: 2/31 [sky beast (5)]
  1020 | D:2      | Slain by a sky beast

Vanquished Creatures
  A gnoll (D:1)
  A dart slug (D:1)
  4 endoplasms
  A goblin (D:1)
  3 hobgoblins (D:1)
  4 kobolds (D:1)
  3 ball pythons (D:1)
  3 rats (D:1)
20 creatures vanquished.
